 Dungeon Crawl Stone Soup version 0.28-a0-49-geb8ac83 (webtiles) character file.

Game seed: 12541255270361357872

899 Illumine the Chopper (level 8, 0/67 HPs)
             Began as a Gnoll Chaos Knight on July 29, 2021.
             Was a Plaything of Xom.
             Succumbed to a water moccasin's poison
             ... on level 6 of the Dungeon.
             The game lasted 00:07:33 (4288 turns).

Illumine the Chopper (Gnoll Chaos Knight)           Turns: 4288, Time: 00:07:34

Health: 0/67       AC:  8    Str: 13    XL:     8   Next: 7%
Magic:  12/12      EV: 12    Int: 12    God:    Xom [*.....]
Gold:   174        SH:  0    Dex: 12    Spells: 11/12 levels left

rFire   . . .      SeeInvis .   a - +0 hand axe (chaos)
rCold   + . .      Faith    .   (no shield)
rNeg    . . .      Spirit   .   w - +2 leather armour {rC+}
rPois   .          Reflect  .   v - +0 helmet
rElec   .          Harm     .   r - +0 cloak
rCorr   .          Rampage  .   (no gloves)
Will    .....                   (no boots)
Stlth   ++........              (no amulet)
HPRegen 0.21/turn               (no ring)
MPRegen 0.13/turn               (no ring)

@: lethally poisoned (0 -> -11), flying, hasted, very quick
A: fangs 1, strong nose, distributed training
a: Renounce Religion


You were on level 6 of the Dungeon.
You worshipped Xom.
You were a special plaything of Xom.
You visited 1 branch of the dungeon, and saw 6 of its levels.

You collected 174 gold pieces.

Inventory:

Hand Weapons
 a - a +0 hand axe of chaos (weapon)
 n - a +0 dagger of electrocution
Missiles
 d - 96 stones (quivered)
 e - 6 curare-tipped darts
 i - 11 poisoned darts
Armour
 b - a +2 leather armour
 g - a +0 chain mail
 r - a +0 cloak (worn)
 v - a +0 helmet (worn)
 w - a +2 leather armour of cold resistance (worn)
Jewellery
 x - a +4 ring of protection
Wands
 q - a wand of polymorph (9)
Scrolls
 c - 2 scrolls of enchant armour {unknown}
 f - a scroll of silence {unknown}
 h - 2 scrolls of identify {unknown}
 j - 2 scrolls of enchant weapon {unknown}
 l - a scroll of brand weapon {unknown}
 m - a scroll of noise {unknown}
 p - a scroll of amnesia {unknown}
 u - a scroll of acquirement {unknown}
Potions
 s - a potion of flight
 t - a potion of might {unknown}


   Skills:
 + Level 7.2 Fighting
 + Level 2.9 Short Blades
 + Level 2.9 Long Blades
 + Level 7.2 Axes
 + Level 2.9 Maces & Flails
 + Level 2.9 Polearms
 + Level 2.9 Staves
 + Level 2.9 Slings
 + Level 2.9 Bows
 + Level 2.9 Crossbows
 + Level 2.9 Throwing
 + Level 5.4 Armour
 + Level 3.9 Dodging
 + Level 2.9 Stealth
 + Level 2.9 Shields
 + Level 2.9 Unarmed Combat
 + Level 2.9 Spellcasting
 + Level 2.3 Conjurations
 + Level 2.3 Hexes
 + Level 2.3 Summonings
 + Level 2.3 Necromancy
 + Level 2.3 Translocations
 + Level 2.3 Transmutations
 + Level 2.3 Fire Magic
 + Level 2.3 Ice Magic
 + Level 2.3 Air Magic
 + Level 2.3 Earth Magic
 + Level 2.3 Poison Magic
 + Level 3.2 Invocations
 + Level 2.9 Evocations


You had 11 spell levels left.
You knew the following spells:

 Your Spells              Type           Power      Damage    Failure   Level
a - Apportation           Tloc           14%        N/A       12%         1

Your spell library contained the following spells:

 Spells                   Type           Power      Damage    Failure   Level
 Animate Skeleton         Necr           14%        N/A       12%         1
 Corona                   Hex            7%         N/A       12%         1
 Summon Small Mammal      Summ           28%        N/A       12%         1
 Ozocubu's Armour         Ice            7%         N/A       34%         3
 Metabolic Englaciation   Hex/Ice        3%         N/A       97%         5
 Simulacrum               Ice/Necr       3%         N/A       100%        6


Dungeon Overview and Level Annotations

Branches:
Dungeon (6/15)
 Temple: D:4-7

Altars:
Dithmenos

Shops:
D:5 *

Annotations:
D:4 Purgy
D:5 Sigmund


Innate Abilities, Weirdness & Mutations

You have very sharp teeth.
Your uncanny sense of smell can sniff out nearby items.
Your experience applies equally to all skills.


Message History

Your quasit misses the water moccasin.
Your quasit claws the water moccasin but does no damage.
Your shadow imp gestures at the water moccasin.
The water moccasin writhes in agony!
The water moccasin dies!
You have reached level 8!
You feel clever.
Okay, then.
You hit the white imp.
The white imp's magic leaks into the air.
Your bite misses the white imp.
The white imp is lightly wounded.
* * * LOW HITPOINT WARNING * * *
You feel very sick.
Your quasit bites the white imp but does no damage.
Your quasit closely misses the white imp.
Your quasit claws the white imp.
Your crimson imp blinks!
The white imp gestures at you. The puff of frost misses you.
It was a potion of flight.
You feel very buoyant.
You fly up into the air.
* * * LOW HITPOINT WARNING * * *
You feel very sick.
Your quasit closely misses the white imp. x2
Your quasit claws the white imp.
Your shadow imp barely misses the white imp.
Your shadow imp hits the white imp.
Something hits your crimson imp!!
Your crimson imp dies!
The white imp closely misses your shadow imp.
Your quasit bites the white imp.
Your quasit claws the white imp but does no damage.
Your quasit claws the white imp.
A bullfrog skeleton comes into view.
Unknown command.
It was a potion of haste.
You feel yourself speed up.
Xom thinks this is hilarious!
You die...
Xom guffaws!

##.... .z... .. #..#
#.# .## ####. .(# #.#
.[# .##....###
.5######$###.#####..# .
#...#
..55s...55##.##....##..
##.......
.#######o5.o.#..##....#
#....... .#
#.###.$.55..# #.......
## #.# #.##55#.#
#....... #.# #..#.@..#
#....).. #.#)......=##
#....... #...####...##
#....... ..###..=....#
# #.# #.##.........# #
#........... # #..
#........... # #..# .#
#........Z.$ # #..# .#
##.........#


You could see an orc warrior, a white imp (ally target), a bullfrog skeleton
(wandering), a friendly quasit (summoned) and 2 friendly shadow imps.

Vanquished Creatures
  Pikel (D:5)
  A water moccasin skeleton (D:4)
  A hound (D:5)
  A bullfrog skeleton (D:5)
  Crazy Yiuf (D:3)
  2 iguanas
  A hound skeleton (D:5)
  A howler monkey zombie (D:5)
  A howler monkey skeleton (D:6)
  2 adders (D:2)
  2 ufetubi
  3 dart slugs
  5 orcs
  7 endoplasms
  4 giant cockroaches
  5 goblins
  6 hobgoblins
  7 jackals (D:1)
  4 kobolds
  5 quokkas
  8 ball pythons
  7 bats
  2 frilled lizards
  9 rats
86 creatures vanquished.

Vanquished Creatures (collateral kills)
  A water moccasin (D:6)
  2 orc priests (D:6)
  An orc (D:6)
4 creatures vanquished.

Vanquished Creatures (others)
  2 plants (D:4)
2 creatures vanquished.

Grand Total: 92 creatures vanquished

Notes
Turn   | Place    | Note
-------+----------+-------------------------------------------
     0 | D:1      | Illumine the Gnoll Chaos Knight began the quest for the
                  | Orb.
     0 | D:1      | Reached XP level 1. HP: 23/23 MP: 1/1
   102 | D:1      | XOM: butterfly on damage
   104 | D:1      | Reached XP level 2. HP: 10/29 MP: 2/2
   340 | D:1      | XOM: divination: detect items
   617 | D:1      | Reached XP level 3. HP: 28/35 MP: 3/3
   976 | D:1      | Reached skill level 1 in Invocations
  1267 | D:2      | Reached skill level 1 in Short Blades
  1267 | D:2      | Reached skill level 1 in Long Blades
  1267 | D:2      | Reached skill level 1 in Maces & Flails
  1267 | D:2      | Reached skill level 1 in Polearms
  1267 | D:2      | Reached skill level 1 in Staves
  1267 | D:2      | Reached skill level 1 in Slings
  1267 | D:2      | Reached skill level 1 in Bows
  1267 | D:2      | Reached skill level 1 in Crossbows
  1267 | D:2      | Reached skill level 1 in Throwing
  1267 | D:2      | Reached skill level 1 in Stealth
  1267 | D:2      | Reached skill level 1 in Shields
  1267 | D:2      | Reached skill level 1 in Unarmed Combat
  1267 | D:2      | Reached skill level 1 in Spellcasting
  1267 | D:2      | Reached skill level 1 in Evocations
  1309 | D:2      | XOM: silly message
  1434 | D:2      | Found a faded altar of an unknown god.
  1646 | D:2      | Reached XP level 4. HP: 41/41 MP: 5/5
  2243 | D:3      | Learned a level 1 spell: Apportation
  2248 | D:3      | Reached skill level 1 in Conjurations
  2248 | D:3      | Reached skill level 1 in Hexes
  2248 | D:3      | Reached skill level 1 in Summonings
  2248 | D:3      | Reached skill level 1 in Necromancy
  2248 | D:3      | Reached skill level 1 in Translocations
  2248 | D:3      | Reached skill level 1 in Transmutations
  2248 | D:3      | Reached skill level 1 in Fire Magic
  2248 | D:3      | Reached skill level 1 in Ice Magic
  2248 | D:3      | Reached skill level 1 in Air Magic
  2248 | D:3      | Reached skill level 1 in Earth Magic
  2248 | D:3      | Reached skill level 1 in Poison Magic
  2268 | D:3      | Reached XP level 5. HP: 47/47 MP: 6/6
  2273 | D:3      | XOM: divination: magic mapping
  2304 | D:3      | Found a runed translucent door.
  2305 | D:3      | Noticed Crazy Yiuf
  2313 | D:3      | Killed Crazy Yiuf
  2704 | D:3      | XOM: noise
  2810 | D:4      | XOM: potion effect (curing)
  3282 | D:4      | Noticed Purgy
  3298 | D:5      | Entered Level 5 of the Dungeon
  3298 | D:5      | Found Guikhuff's Assorted Antiques.
  3307 | D:5      | Reached XP level 6. HP: 53/53 MP: 8/8
  3318 | D:5      | Reached skill level 5 in Armour
  3534 | D:5      | XOM: silly message
  3615 | D:5      | Found a shadowy altar of Dithmenos.
  3642 | D:5      | XOM: cloud trail
  3812 | D:5      | Noticed Pikel
  3812 | D:5      | XOM: noise
  3835 | D:5      | XOM: summons 2 friendly demons
  3859 | D:5      | XOM: divination: detect items
  3864 | D:5      | XOM: divination: detect creatures
  3872 | D:5      | XOM: fog
  3886 | D:5      | Killed Pikel
  3887 | D:5      | Reached XP level 7. HP: 9/60 MP: 9/11
  4163 | D:5      | Noticed Sigmund
  4226 | D:6      | XOM: 5-stop teleportation journey
  4237 | D:6      | XOM: summons friendly white imp
  4250 | D:6      | HP: 3/60 [orc (1)]
  4266 | D:6      | XOM: summons 3 friendly demons
  4269 | D:6      | XOM: noise
  4271 | D:6      | Upgraded the game from 0.28-a0-46-g7b1be97 to
                  | 0.28-a0-49-geb8ac83
  4272 | D:6      | XOM: summons 7 friendly demons
  4286 | D:6      | Reached XP level 8. HP: 10/67 MP: 12/12
  4287 | D:6      | HP: 3/67 [poisoned by a water moccasin]
  4288 | D:6      | Succumbed to a water moccasin's poison

Illustrated notes

Levels and vault maps discovered:
D:1:      erik_arrival_orb_chamber, layout_basic
D:2:      layout_loops_corners, ebering_ecumenical_altar_petrified
D:3:      minmay_razor_zed, layout_basic, uniq_crazy_yiuf_cottage, uniq_terence,
          uniq_robin
D:4:      layout_loops_ring, kennysheep_mini_moat, serial_forest,
          infiniplex_forest_lined_room_, infiniplex_forest_fountain,
          infiniplex_forest_end_3, infiniplex_forest_lined_ring,
          infiniplex_forest_clump_medium, infiniplex_forest_clump_small,
          infiniplex_forest_clump_small, infiniplex_forest_straight_2,
          uniq_grinder, uniq_purgy
D:5:      layout_basic, nicolae_dithmenos_shadow_blocks,
          lemuel_coloured_pillars_altar, serial_shops, shop,
          nicolae_underground_beach, uniq_pikel, uniq_sigmund
D:6:      layout_rooms, hangedman_decor_peaks_small

Skill      XL: |  1  2  3  4  5  6 |
---------------+-------------------+-----
Invocations    | 1 2 3 |  3.2
Short Blades   | 1 2 |  2.9
Long Blades    | 1 2 |  2.9
Maces & Flails | 1 2 |  2.9
Polearms       | 1 2 |  2.9
Staves         | 1 2 |  2.9
Slings         | 1 2 |  2.9
Bows           | 1 2 |  2.9
Crossbows      | 1 2 |  2.9
Throwing       | 1 2 |  2.9
Stealth        | 1 2 |  2.9
Shields        | 1 2 |  2.9
Unarmed Combat | 1 2 |  2.9
Spellcasting   | 1 2 |  2.9
Evocations     | 1 2 |  2.9
Conjurations   | 1 2 |  2.3
Hexes          | 1 2 |  2.3
Summonings     | 1 2 |  2.3
Necromancy     | 1 2 |  2.3
Translocations | 1 2 |  2.3
Transmutations | 1 2 |  2.3
Fire Magic     | 1 2 |  2.3
Ice Magic      | 1 2 |  2.3
Air Magic      | 1 2 |  2.3
Earth Magic    | 1 2 |  2.3
Poison Magic   | 1 2 |  2.3
Dodging        | 3 |  3.9
Armour         | 5 |  5.4
Fighting       | 7 |  7.2
Axes           | 7 |  7.2

Action                   |  1- 3 |  4- 6 |  7- 9 || total
-------------------------+-------+-------+-------++-------
Melee: Hand axe          |   100 |   140 |    32 ||   272
       Bite              |     4 |    22 |     6 ||    32
       Dagger            |       |    25 |       ||    25
       Punch             |       |     4 |       ||     4
  Use: Potion            |       |       |     4 ||     4
 Stab: Paralysed         |     1 |       |       ||     1
       Sleeping          |       |     1 |       ||     1
Armor: Leather armour    |     9 |    47 |     8 ||    64
       Chain mail        |    72 |    15 |       ||    87
Dodge: Dodged            |    48 |    78 |    25 ||   151

Table legend: (Time is in decaauts)
 A = Elapsed time spent in this place.
 B = Non-inter-level travel time spent in this place.
 C = Inter-level travel time spent in this place.
 D = Time resting spent in this place.
 E = Time spent auto-exploring this place.
 F = Levels seen in this place.
 G = Mean time per level.
                   A        B        C        D        E       F      G
               +--------+--------+--------+--------+--------+-----+--------+
         Total |   4275 |   4196 |     79 |    951 |   2438 |   6 |  712.5 |
       Dungeon |   4275 |   4196 |     79 |    951 |   2438 |   6 |  712.5 |
               +--------+--------+--------+--------+--------+-----+--------+

Top non-repeatable levels by time:
     D:1: 1245 daAuts
     D:5: 910 daAuts
     D:2: 878 daAuts
     D:4: 586 daAuts
     D:3: 578 daAuts
     D:6: 75 daAuts
